Cogmind - Beta 15 @@@ ROGUE MODE // 2025.06.07 @ 20:24:32 Player: CheifClapdad Result: Destroyed by G-47 Trooper with Particle Gun Performance ------------- Evolutions (2) 1000 Regions Visited (3) 600 Robots Destroyed (50) 250 Value Destroyed (1372) 1372 Prototype IDs (12) 240 Alien Tech Used (0) 0 Bonus (0) 0 TOTAL SCORE: 3462 Bonus ------- None Cogmind --------- Core Integrity 0/550 Matter 176/300 Energy 29/100 System Corruption 0% Temperature Cool (9) Movement Core (50) Location -8/Materials Parts ------- > --- POWER (1) -------- (None) > --- PROPULSION (4) --- (None) > --- UTILITY (3) ------ (None) > --- WEAPON (3) ------- (None) > --- INVENTORY (5) ---- Ion Engine Peak State ------------ > --- POWER ------------ Ion Engine > --- PROPULSION ------- Spiked Treads Armored Treads Cargo Legs > --- UTILITY ---------- High-capacity Storage Unit Improved Signal Interpreter Seismic Detector Advanced Targeting Computer Hardened Medium Armor Plating > --- WEAPON ----------- Advanced Beam Cannon Battle Rifle Gauss Rifle > --- INVENTORY -------- Ion Engine Spiked Treads Improved Heat Sink Assault Rifle Subdweller Machine Gun SUBCON Basin [Rating: 60] Favorites ----------- Power Ion Engine Engine Ion Engine Propulsion Cargo Legs Treads Light Treads Leg Cargo Legs Wheel Wheel Utility Seismic Detector Device Seismic Detector Storage High-capacity Storage Unit Processor Improved Signal Interpreter Protection Hardened Medium Armor Plating Weapon Battle Rifle Energy Cannon Beam Cannon Ballistic Gun Battle Rifle Ballistic Cannon Light Cannon Launcher Shock Bomb Launcher Build | -11 -10 -10 -8 ------- Run | Yrd Mat Sub Mat Slots Evolved 4 | . . . 4 Power . | . . . . Propulsion 2 | . . . 2 Utility 1 | . . . 1 Weapon 1 | . . . 1 Parts Attached 28 | 7 2 8 11 Power 1 | 1 . . . Engine 1 | 1 . . . Core . | . . . . Reactor . | . . . . Propulsion 9 | 2 . 4 3 Treads 6 | 1 . 2 3 Leg 1 | . . 1 . Wheel 2 | 1 . 1 . Hover . | . . . . Flight . | . . . . Utility 7 | 2 1 . 4 Device 2 | 1 . . 1 Storage 2 | 1 1 . . Processor 2 | . . . 2 Hackware . | . . . . Protection 1 | . . . 1 Artifact . | . . . . Weapon 11 | 2 1 4 4 Energy Gun . | . . . . Energy Cannon 3 | . . 1 2 Ballistic Gun 6 | 2 . 3 1 Ballistic Cannon 1 | . 1 . . Launcher 1 | . . . 1 Special Weapon . | . . . . Impact Weapon . | . . . . Slashing Weapon . | . . . . Piercing Weapon . | . . . . Special Melee Weapon . | . . . . Unidentified Prototypes 1 | . . . 1 Parts Lost 16 | . . 2 14 Power 1 | . . . 1 Propulsion 4 | . . 1 3 Utility 3 | . . . 3 Weapon 8 | . . 1 7 Highest Loss Streak 13 | . . 2 13 To Critical Strikes . | . . . . Average Backups 15 | 3 10 18 4 Power 1 | . 1 2 1 Propulsion 6 | 1 3 8 1 Utility 3 | . 3 4 . Weapon 2 | . 2 3 1 Tool/Special . | . . . . Unused Backups 17 | . . 16 1 Power 4 | . . 3 1 Propulsion 6 | . . 6 . Utility 4 | . . 4 . Weapon 3 | . . 3 . Tool/Special . | . . . . Average Slot Usage (%) 79 | . 100 78 70 Engine 11 | . 14 12 6 Treads 6 | . 14 5 11 Leg 6 | . . 6 6 Wheel 5 | . 14 5 . Device 11 | . 14 12 6 Storage 11 | . 14 12 6 Ballistic Gun 19 | . 18 19 18 Ballistic Cannon 3 | . 9 3 . Peak Build Rating 60 | 7 8 41 60 Average Rating 22 | 5 7 19 50 On Entrance 14 | . 7 8 41 Naked Turns 14 | . . . 14 Heaviest Build 66 | 15 51 53 66 Greatest Support 55 | 20 20 55 55 Greatest Overweight (x) 5 | . 5 5 1 Average Overweight (x) 1 | . 4 1 . Largest Inventory Capacity 20 | 8 20 20 20 Average Capacity 19 | 7 19 20 19 Most Carried 20 | 5 14 20 20 Average Carried 17 | 3 10 18 18 Final Capacity 20 | 8 20 20 5 Final Carried 20 | 5 14 20 1 Class Distribution -------------------- 91% | Mutant 7% | Gunner Dominant Class ---------------- Mutant | -10/Materials Mutant | -10/Subcaves Gunner | -8/Materials Resources | -11 -10 -10 -8 ----------- Run | Yrd Mat Sub Mat Matter Collected 1355 | 286 166 352 551 Remotely . | . . . . Salvage Created 1882 | 95 81 389 1317 Parts 100 | 2 8 25 65 Haulers Intercepted 3 | . 1 . 2 Recyclers Shooed 3 | 1 . . 2 Parts Field Recycled . | . . . . Retrieved Matter . | . . . . Parts Self-Destructed . | . . . . Prevented . | . . . . Kills | -11 -10 -10 -8 ------- Run | Yrd Mat Sub Mat Combat Hostiles Destroyed 36 | . 3 9 24 Guns 28 | . 2 5 21 Cannons 7 | . 1 4 2 AOE 1 | . . . 1 Classes Destroyed 12 | 2 2 1 7 Worker 4 | . . . 4 Builder 4 | . . . 4 Tunneler 1 | 1 . . . Hauler 3 | . 1 . 2 Recycler 2 | 1 . . 1 Swarmer 10 | . 3 . 7 Grunt 10 | . . . 10 Brawler 1 | . . . 1 Sentry 3 | . . . 3 Specialist 2 | . . . 2 Hunter 1 | . . . 1 Subdweller 9 | . . 9 . Best Kill Streak 17 | 1 3 3 17 Combat Bots Only 9 | . 3 3 9 Max Kills in Single Turn 3 | 1 1 1 3 Gunslinging 1 | . . . 1 Exploded 1 | . . . 1 Melee . | . . . . Uniques/NPCs Destroyed . | . . . . Combat | -11 -10 -10 -8 -------- Run | Yrd Mat Sub Mat Hostile Shots Fired 304 | . 16 44 244 Missed 99 | . 5 21 73 Hits 205 | . 11 23 171 Melee 2 | . . . 2 Projectile 203 | . 11 23 169 Critical Strikes 5 | . . . 5 Damage Taken 3410 | . 150 527 2733 Core 702 | . . 142 560 Absorbed by Shields . | . . . . Core Remaining (%) 71 | 100 . 43 . Volleys Fired 144 | 10 6 46 82 Largest 3 | 2 2 2 3 Hottest 128 | 40 50 80 128 Shots Fired 331 | 20 12 89 210 Gun 279 | 20 6 59 194 Cannon 51 | . 6 30 15 Launcher 1 | . . . 1 Special . | . . . . Kinetic 297 | 20 12 71 194 Thermal 33 | . . 18 15 Explosive . | . . . . Electromagnetic 1 | . . . 1 Robot Hit Streak 15 | 3 2 15 15 Robot Miss Streak 6 | 3 2 1 6 Penetration Max 1 | . . . 1 Secondary Targets 8 | . . . 8 Max Gunslinging Chain 1 | . . . 1 Shots Hit Robots 183 | 11 5 51 116 Core Hits 81 | 3 4 18 56 Critical Kills 2 | . . 1 1 Critical Parts Destroyed . | . . . . Critical Strikes 3 | . . 2 1 Destroy 2 | . . 1 1 Blast 1 | . . 1 . Melee Attacks . | . . . . Impact . | . . . . Slashing . | . . . . Piercing . | . . . . Sneak Attacks . | . . . . Combat Hostiles . | . . . . Follow-up Attacks . | . . . . Damage Inflicted 3648 | 157 93 791 2607 Guns 2909 | 157 29 448 2275 Cannons 598 | . 64 343 191 Explosions 141 | . . . 141 Melee . | . . . . Ramming . | . . . . Kinetic 3142 | 157 93 617 2275 Thermal 365 | . . 174 191 Explosive . | . . . . Electromagnetic 141 | . . . 141 Impact . | . . . . Slashing . | . . . . Piercing . | . . . . Highest Corruption . | . . . . Average Corruption . | . . . . Corruption Purged . | . . . . Corruption Blocked . | . . . . Overload Shots . | . . . . Overflow Damage . | . . . . Projectiles . | . . . . Explosions . | . . . . Melee . | . . . . Knockbacks 5 | . 1 4 . Impact . | . . . . Kinetic 5 | . 1 4 . Secondary . | . . . . Self-Inflicted Damage . | . . . . Shots . | . . . . Rammed . | . . . . Targets Rammed . | . . . . Kicked . | . . . . Crushed . | . . . . Highest Temperature 275 | . . . 275 Average Temperature 57 | . . . 57 Received Heat Transfer 738 | . . 81 657 Siege Activations . | . . . . Martial Activations . | . . . . Shielding Activations . | . . . . Robots Disrupted . | . . . . Combat Hostiles . | . . . . Robots Corrupted . | . . . . Combat Hostiles . | . . . . Parts Fried . | . . . . Impact Corruptions . | . . . . Robots Melted . | . . . . Combat Hostiles . | . . . . Parts Melted . | . . . . Heat Transferred 666 | . . 370 296 Parts Sabotaged . | . . . . Parts Stolen . | . . . . Parts Stripped . | . . . . Power Chain Reactions . | . . . . Alert | -11 -10 -10 -8 ------- Run | Yrd Mat Sub Mat Maximum Alert Level 1 | . . . 1 Low Security (%) 69 | 100 100 . 45 Level 1 30 | . . . 54 Level 2 . | . . . . Level 3 . | . . . . Level 4 . | . . . . Level 5 . | . . . . High Security . | . . . . Max Security . | . . . . Peak Influence 373 | 5 75 . 373 Initial . | . . . . Average 122 | . 18 . 206 Influence Increases 860 | 10 92 . 758 Destroy 0b10 Robot/C 540 | . 60 . 480 Destroy 0b10 Robot/NC 70 | 10 5 . 55 Destroy Leader 136 | . 12 . 124 Disable Machine 75 | . 15 . 60 Destroy Structure 9 | . . . 9 Lose Combat Pursuer 30 | . . . 30 Influence Decreases 558 | 10 88 4 456 Entered New Map 3 | . . 3 . Time Decay 415 | 10 88 1 316 Lost Part 140 | . . . 140 Squads Dispatched 8 | . . . 8 Investigation 1 | . . . 1 Extermination . | . . . . Reinforcement 4 | . . . 4 Assault . | . . . . Garrison 3 | . . . 3 Intercept . | . . . . Searches Triggered . | . . . . Construction Impeded 1 | . . . 1 Haulers Reinforced . | . . . . Active Scanning Responses . | . . . . Cargo Convoy Interrupts . | . . . . Stealth | -11 -10 -10 -8 --------- Run | Yrd Mat Sub Mat Distress Signals 1 | . . . 1 Communications Jammed . | . . . . Distress Signals . | . . . . Times Spotted 49 | . 5 10 34 Peak Tracking Total 9 | . 4 2 9 Tactical Retreats 2 | . . . 2 Traps | -11 -10 -10 -8 ------- Run | Yrd Mat Sub Mat Traps Triggered 4 | . 2 1 1 Indirectly . | . . . . Trap Hack Attempts . | . . . . Triggered . | . . . . Disarmed . | . . . . Reprogrammed . | . . . . Reused . | . . . . Traps Extracted . | . . . . Installed . | . . . . Triggered . | . . . . Machines | -11 -10 -10 -8 ---------- Run | Yrd Mat Sub Mat Machines Disabled 6 | . 1 1 4 Max in Single Turn 1 | . 1 1 1 Machines Repaired . | . . . . Machines Dismantled . | . . . . Machines Sabotaged . | . . . . Overloaded Fab Kills . | . . . . Hacking | -11 -10 -10 -8 --------- Run | Yrd Mat Sub Mat Machines Accessed 5 | . 1 3 1 Terminals 2 | . 1 . 1 Fabricators . | . . . . Repair Stations . | . . . . Recycling Units . | . . . . Scanalyzers . | . . . . Garrison Access . | . . . . Total Hacks 16 | . 2 12 2 Successful 12 | . . 12 . Failed 4 | . 2 . 2 Catastrophic 1 | . . . 1 Database Lockouts . | . . . . Manual 4 | . 2 . 2 Terminals 4 | . 2 . 2 Fabricators . | . . . . Repair Stations . | . . . . Recycling Units . | . . . . Scanalyzers . | . . . . Garrison Access . | . . . . Terminal Hacks 12 | . . 12 . Record 9 | . . 9 . Open Door 1 | . . 1 . Proto ID Catalog 1 | . . 1 . Release Object 1 | . . 1 . Fabricator Hacks . | . . . . Repair Station Hacks . | . . . . Recycling Unit Hacks . | . . . . Scanalyzer . | . . . . Garrison Access Hacks . | . . . . Unauthorized Hacks . | . . . . Terminals . | . . . . Fabricators . | . . . . Repair Stations . | . . . . Recycling Units . | . . . . Scanalyzers . | . . . . Garrison Access . | . . . . Data Cores Recovered . | . . . . Used . | . . . . Hacking Detections 2 | . 1 . 1 Full Trace Events . | . . . . Feedback Events . | . . . . Feedback Blocked . | . . . . Robot Schematics Acquired . | . . . . Robots Built . | . . . . Authchips . | . . . . Time . | . . . . Total Robot Build Rating . | . . . . Part Schematics Acquired . | . . . . Parts Built . | . . . . Authchips . | . . . . Time . | . . . . Total Part Build Rating . | . . . . Parts Repaired . | . . . . Time . | . . . . Parts Recycled . | . . . . Recycled Matter . | . . . . Retrieved Matter . | . . . . Retrieved Components . | . . . . Parts Scanalyzed . | . . . . Part Schematics Acquired . | . . . . Parts Damaged . | . . . . Bothacking | -11 -10 -10 -8 ------------ Run | Yrd Mat Sub Mat Used RIF Installer . | . . . . Robots Hacked . | . . . . Non-combat . | . . . . Combat . | . . . . Robot Hacks Applied . | . . . . Relay Couplers Released . | . . . . Fabnet Peak Effective % . | . . . . Robots Rewired . | . . . . Allies Hacked . | . . . . Hacks Repelled . | . . . . Allies | -11 -10 -10 -8 -------- Run | Yrd Mat Sub Mat Total Allies . | . . . . Largest Group . | . . . . Highest-Rated Group . | . . . . Highest-Rated Ally . | . . . . Total Orders . | . . . . Ally Attacks . | . . . . Total Damage . | . . . . Kills . | . . . . Allies Corrupted . | . . . . Allies Melted . | . . . . Intel | -11 -10 -10 -8 ------- Run | Yrd Mat Sub Mat Active Infowar (turns) 5814 | 45 409 4619 741 Seismic 5814 | 45 409 4619 741 Robot Analysis Total . | . . . . Derelict Logs Recovered 1 | . . 1 . Drone Launches . | . . . . Drone Recoveries . | . . . . Exploration | -11 -10 -10 -8 ------------- Run | Yrd Mat Sub Mat Turns Passed 6032 | 203 409 4620 800 Spaces Moved 3895 | 104 251 3216 324 Core 32 | 5 . . 27 Treads 119 | 96 19 4 . Legs 2465 | . . 2168 297 Wheels 1279 | 3 232 1044 . Hover . | . . . . Flight . | . . . . Fastest Speed 50 | 50 140 130 50 Average Speed 140 | 152 151 138 154 Slowest Speed 240 | 160 160 240 200 Overloaded Moves . | . . . . Propulsion Burnouts . | . . . . Robots Hopped . | . . . . Potential Cave-ins . | . . . . Cave-ins Triggered . | . . . . Exploration Rate (%) 31 | 7 27 64 27 Regions Visited 3 Branch Regions 1 Pre-discovered Areas 1 | . . 1 . Known Exits Taken . | . . . . Unknown Exits Taken 3 | 1 1 1 . Scrap Searched 3 | . . 3 . Spaces Dug . | . . . . Terrain Destroyed 8 | . . . 8 Melee . | . . . . Projectile 8 | . . . 8 AOE . | . . . . Terrain Rammed . | . . . . Walls Destroyed . | . . . . Machines Disabled . | . . . . Actions | -11 -10 -10 -8 --------- Run | Yrd Mat Sub Mat Total 4160 | 125 266 3314 455 Wait 28 | . . . 28 Move 3892 | 103 250 3215 324 Hop . | . . . . Pick Up 33 | 5 8 16 4 Fast Attach 11 | 7 . 1 3 Attach 12 | . . 3 9 Detach . | . . . . Swap 10 | . 2 6 2 Drop 29 | . . 27 2 Fire 144 | 10 6 46 82 Melee . | . . . . Ram . | . . . . Kick . | . . . . Crush . | . . . . Escape Stasis . | . . . . Rewire . | . . . . Trap . | . . . . Miscellaneous 1 | . . . 1 Route ------- -11/Scrapyard -10/Materials -10/Subcaves -8/Materials History --------- Turn | Location | Event 24 | -11/Scrapyard | Discovered new exit (range 15) 204 | -11/Scrapyard | Entered Materials 314 | -10/Materials | Build established: Mutant 594 | -10/Materials | Discovered new exit (range 9) 613 | -10/Materials | Entered Subcaves 1000 | -10/Subcaves | Shifting Twisted Machinery released Sub. Beam Cannon 1003 | -10/Subcaves | Discovered new exit (range 7) 1034 | -10/Subcaves | Shifting Twisted Machinery released Sub. Machine Gun 1622 | -10/Subcaves | A swath of the cavern ceiling suddenly collapsed 1632 | -10/Subcaves | Ambushed by Subdwellers from Twisted Machinery 1925 | -10/Subcaves | Visited 4L-MR0's lab 2104 | -10/Subcaves | Disturbed a concealed Subdweller 2134 | -10/Subcaves | Core integrity fell below 50% 2357 | -10/Subcaves | Found Cargo Legs 2366 | -10/Subcaves | Attached Cargo Legs, gained temporary slots: Utility x2 3296 | -10/Subcaves | Shifting Twisted Machinery released Shrapnel Trap 5150 | -10/Subcaves | Found SUBCON Basin 5233 | -10/Subcaves | Entered Materials 5233 | -8/Materials | Evolved 4 slots: Propulsion x2, Utility x1, Weapon x1 5392 | -8/Materials | Garrison activated, responded to threat 5539 | -8/Materials | Build established: Gunner 5676 | -8/Materials | Destroyed 9 combat bots 6009 | -8/Materials | Core integrity fell below 50% 6011 | -8/Materials | Released subatomizers from SUBCON Basin 6015 | -8/Materials | Released all parts (3) 6016 | -8/Materials | Core integrity fell below 20% 6033 | -8/Materials | Destroyed by G-47 Trooper with Particle Gun Last Messages --------------- 06011_ Penetrated by Slug. 06011_ Sub. Machine Gun destroyed. 06013_ K-01 Serf destroyed. 06014_ U-05 Engineer builds a Wall. 06015_ Dropped Hcp. Storage Unit. 06015_ Released Imp. Signal Interpreter. 06015_ Released Spk. Treads. 06015_ Released Imp. Heat Sink. 06016_ Knocked back. 06016_ U-05 Engineer destroyed. 06021_ Acquired Shock Bomb Launcher. 06024_ Slug penetrates Wall. 06027_ Door malfunctions. 06027_ U-05 Engineer destroyed. 06027_ X-57 Shotgunner destroyed. 06027_ G-47 Trooper IFF system glitched. 06030_ Shock Bomb Launcher destroyed. 06030_ K-01 Serf collects debris. 06032_ Subatomizers dissect the Hcp. Storage Unit, destroying it. Map ----- +----------------------------------------------------+ | ?????????????????????????????????????????????????? | | ?????????????????????????????????????????????????? | | ?????????????????????????????????????????????????? | | ???????????????????????????????#?????????????????? | | ???????????????????????????????# ????????????????? | | ???????????????????????????????# ????????????????? | | ???????????????????????????????# ???????????????? | | ???????????????????????????????# "???? ??????????? | | ???????????????????????????????# ""??? ?????????? | | ???????????????????????????????# ""??" ?????????? | | ???????????????????????????????? ?? ??????????? | | ?????????????????????##########? ?? ???????? # | | ?????????????????????? ###+########## | | ?????????????????????????# [ | | ???????????????????????### !%= | | ???????????????????????#"" | | ???????????????????????#"T ##"#+##?????? | | ???????????????????????#"" %!= ##??????????? | | ??????????????????????#### """ %=%*T#??????????? | | ??????????????????????#""" """%=%=%##??????????? | | ??????????????????????#"T """ H! ##??????????? | | ???????????????????????""" &!%#???????????? | | ???????????????????????### = #???????????? | | ?????????????????????????# %% #???????????? | | ???????????????????????#####;g#### %%#??????###### | | ???????????????????????# @ # =%#??????# # | | ???????????????????????#% #!|!#??????# # | | ???????????????????????# !g%==#??????# # | | ???????????????????????# =! #*==#??????# # | | ???????????????????????# ! # !%#??????# # | | ???????????????????????# # =##?????? # | | ???????????????????????#! # ##?????? # | | ???????????????????????# # #???????? # | | ???????????????????????########### %#???????? # | | ?????????????????????????????????# ##########+## | | ?????????????????????????????????# % | | ?????????????????????????????????# % | | ?????????????????????????????????# | | ??????????????????????????????#### [!!###### | | ?????????????????????????????##! [!!#????? | | ?????????????????????????????#! !! #????? | | ?????????????????????????????#! #????? | | ?????????????????????????????#! #????? | | ?????????????????????????????#! +????? | | ?????????????????????????????##! #????? | | ??????????????????????????????#####"Y"#"T ###????? | | ??????????????????????????????????#"""#####??????? | | ??????????????????????????????????#####??????????? | | ?????????????????????????????????????????????????? | | ????????????????????????????????????###########??? | +----------------------------------------------------+ Best States ------------- Heat Dissipation 45 Energy Generation 10 Energy Capacity 250 Matter Stores 300 Matter Capacity 300 Sight Range 16 Terrain Scan Density 10 Armor Coverage 225 Evasion (%) 55 Targeting Accuracy 8 Recoil Reduction 2 Item Schematics ----------------- None Robot Schematics ------------------ None Fabricated ------------ Nothing Repaired ---------- Nothing Alien Tech Used ----------------- None Achievements -------------- None Challenges ------------ None Game ------ Seed DiametricSigixKatana Manual? 0 Play Time 00:31:29 Cumulative 63.8 hours Start 2025.06.07 @ 19:49:54 End 2025.06.07 @ 20:24:32 Sessions 1 Manual Loads 0 Difficulty Rogue Special Mode None Game No. 81 Rogue 81 Adventurer 0 Explorer 0 Win Type - Total 1 Types 1/0/0/0/0/0/0/0/0/0 Lore% 30 Gallery% 42 Achievement% 37 Wizard Run 0 Options --------- Layout 1 ASCII 0 Keyboard 0 Movement Arrows Keybinds 0 Fullscreen 1 Font 24/Smallcaps Map View 50x35 Zoom Use 0% Tactical HUD 1 Map Filters NONE Filters NONE Steam X RUN: 833e4785-cdaa-45ac-b413-04106c2a0799